 Dungeon Crawl Stone Soup version 0.30-a0-174-gbc10bd73c2 (webtiles) character file.

Game seed: 11868971407419950749

28 qw the Shield-Bearer (level 3, -14/23 HPs)
             Began as a Gargoyle Fighter on Oct 1, 2022.
             Killed by an exploding butterfly (24 damage)
             ... ignited by their inner flame
             ... on level 1 of the Dungeon.
             The game lasted 00:00:19 (769 turns).

qw the Shield-Bearer (Gargoyle Fighter)              Turns: 769, Time: 00:00:19

Health: -14/23     AC: 10    Str: 21    XL:     3   Next: 14%
Magic:  3/3        EV:  9    Int:  8    God:
Gold:   95         SH:  4    Dex:  9    Spells: 2/2 levels left

rFire   . . .      SeeInvis .    Y - +0 war axe
rCold   . . .      Faith    .    c - +0 buckler
rNeg    + . .      Spirit   .    b - +0 scale mail
rPois   inf        Reflect  .    (no helmet)
rElec   +          Harm     .    (no cloak)
rCorr   .          Rampage  .    (no gloves)
Will    .....                    (no boots)
Stlth   ..........               (no amulet)
HPRegen 0.23/turn                (no ring)
MPRegen 0.08/turn                (no ring)

@: no status effects
A: sickness immunity, AC +3, negative energy resistance 1, electricity
resistance, torment resistance 1, petrification resistance
a: no special abilities


You were on level 1 of the Dungeon.
You visited 1 branch of the dungeon, and saw 1 of its levels.

You collected 95 gold pieces.


Innate Abilities, Weirdness & Mutations

You are immune to sickness and miasma.
Your stone body is resilient. (AC +3)
You are immune to poison.
You resist negative energy. (rN+)
You are resistant to electric shocks. (rElec)
You are resistant to unholy torment.
You are immune to petrification.


   Skills:
 - Level 3.2 Fighting
 + Level 3.2 Axes
 - Level 3.2 Armour
 - Level 3.2 Shields


You had 2 spell levels left.
You didn't know any spells.
Your spell library was empty.

Inventory:

Hand Weapons
 f - a +0 club
 Y - a +0 war axe (weapon)
Armour
 b - a +0 scale mail (worn)
 c - a +0 buckler (worn)
Scrolls
 m - 3 scrolls of enchant weapon {unknown}
Potions
 d - a potion of might
 h - a potion of invisibility {unknown}
 i - a potion of curing {unknown}
 k - a potion of heal wounds {unknown}
 l - a potion of ambrosia {unknown}

Dungeon Overview and Level Annotations

Branches:
Dungeon (1/15)

Altars:


Message History

Found a ring mail.
You see here a +0 robe.
You now have 95 gold pieces (gained 13).
Done exploring.
Done exploring.
767 ||| READING scroll labelled QEENLY CE QUDO.
The air fills with toxic fumes!
As you read the scroll labelled QEENLY CE QUDO, it crumbles to dust.
It was a scroll of poison.
Done exploring.
768 ||| READING scroll labelled QENKIY BOAQEU.
As you read the scroll labelled QENKIY BOAQEU, it crumbles to dust.
You hear the tinkle of a tiny bell.
It was a scroll of butterflies.
Done exploring.
769 ||| READING scroll labelled COAXYPNONOI.
As you read the scroll labelled COAXYPNONOI, it crumbles to dust.
The creatures around you are filled with an inner flame!
It was a scroll of immolation.
Your butterfly is engulfed in poison gas.
Your butterfly is poisoned.
Your butterfly disappears in a burst of colours!
Your butterfly explodes!
The fiery explosion engulfs your butterfly!!
Your butterfly disappears in a burst of colours!
The fiery explosion engulfs your butterfly!
Your butterfly disappears in a burst of colours!
The fiery explosion engulfs your butterfly!!
Your butterfly disappears in a burst of colours!
The fiery explosion engulfs your butterfly!!
Your butterfly disappears in a burst of colours!
The fiery explosion engulfs your butterfly!!
Your butterfly disappears in a burst of colours!
The fiery explosion engulfs you!
Ouch! That really hurt!
Your butterfly explodes!
The fiery explosion engulfs your butterfly!!
Your butterfly disappears in a burst of colours!
The fiery explosion engulfs you!!
Ouch! That really hurt!
You die...

....#.....##...#
....#.###..#.#.#
........#......#
...###..#¤###..####
.....#...¤¤.#b...b##
.#...#.###¤¤#b###bb#
.#.......#.¤¤b¤¤#bb#
....###..#.###¤¤#bb#
......#......#¤¤@bb#
......#.###..#¤b##b#
..........#bbbbb...#
.....###..#¤###b####
.......#.¤¤...¤¤#
.......#.¤...####
.............#
.#...........#
.#...........#


There were no monsters in sight!

Vanquished Creatures
  A dart slug (D:1)
  4 ball pythons (D:1)
  3 endoplasms (D:1)
  3 giant cockroaches (D:1)
  A hobgoblin (D:1)
  4 jackals (D:1)
  2 kobolds (D:1)
  A bat (D:1)
  A frilled lizard (D:1)
  3 rats (D:1)
23 creatures vanquished.

Notes
Turn   | Place    | Note
-------+----------+-------------------------------------------
     0 | D:1      | qw the Gargoyle Fighter began the quest for the Orb.
     0 | D:1      | Reached XP level 1. HP: 14/14 MP: 1/1
     0 | D:1      | 0 ||| qw: Version: 0.2-a-13-gfc7b4b4
     0 | D:1      | 0 ||| qw: Game counter: 1935
     0 | D:1      | 0 ||| qw: Always use a shield: true
     0 | D:1      | 0 ||| qw: God list: Okawaru
     0 | D:1      | 0 ||| qw: Allow faded altars: false
     0 | D:1      | 0 ||| qw: Do Orc after D:15 true
     0 | D:1      | 0 ||| qw: Do second Lair branch before Depths: true
     0 | D:1      | 0 ||| qw: Lair rune preference: random
     0 | D:1      | 0 ||| qw: Plans: Normal, Zot:1-4, God:TSO, Crypt, Tomb,
                  | Pan, Slime:5, Hells, Abyss, Orb
     0 | D:1      | 0 ||| PLANNING D:1-11
   257 | D:1      | Reached XP level 2. HP: 18/19 MP: 2/2
   258 | D:1      | 258 ||| Stepping ~*~*~tactically~*~*~ (stealth).
   259 | D:1      | 259 ||| Stepping ~*~*~tactically~*~*~ (stealth).
   289 | D:1      | Found a faded altar of an unknown god.
   295 | D:1      | 295 ||| Stepping ~*~*~tactically~*~*~ (stealth).
   562 | D:1      | Reached skill level 3 in Axes
   570 | D:1      | Reached XP level 3. HP: 22/23 MP: 3/3
   767 | D:1      | 767 ||| READING scroll labelled QEENLY CE QUDO.
   768 | D:1      | 768 ||| READING scroll labelled QENKIY BOAQEU.
   769 | D:1      | 769 ||| READING scroll labelled COAXYPNONOI.
   769 | D:1      | Killed by an exploding butterfly... ignited by their inner
                  | flame

Levels and vault maps discovered:
D:1:      roderic_dead_forest, layout_basic, nicolae_ecumenical_snake_handling,
          hangedman_decor_points

Skill      XL: |  1  2 |
---------------+-------+-----
Axes           | 2 3 |  3.2
Fighting       | |  3.2
Armour         | |  3.2
Shields        | |  3.2

Action                   || total
-------------------------++-------
Melee: War axe           ||    67
  Use: Scroll            ||     3
Armor: Scale mail        ||    32
Dodge: Dodged            ||    34
Block: Buckler           ||    10

Table legend:
 A = Non-vault XP
 B = Vault XP
 C = Vault XP percentage of total XP
 D = Non-vault monster count
 E = Vault monster count
 F = Vault count percentage of total count
                 A         B        C        D         E       F
            +---------+---------+-------+---------+---------+-------
      Total |      39 |       2 |   4.9 |      22 |       1 |   4.3
            +---------+---------+-------+---------+---------+-------
        D:1 |      39 |       2 |   4.9 |      22 |       1 |   4.3
            +---------+---------+-------+---------+---------+-------
